 Dungeon Crawl Stone Soup version 0.25.1-2-g60ff931df9 (webtiles) character file.

Game seed: 10441881628774250626

3992 Jukra the Slicer (level 10, 0/86 HPs)
             Began as a Minotaur Berserker on Aug 30, 2020.
             Was a High Priest of Trog.
             Slain by an orc warrior
             ... wielding a +0 trident
              (17 damage)
             ... on level 8 of the Dungeon.
             The game lasted 00:20:31 (8452 turns).

Jukra the Slicer (Minotaur Berserker)               Turns: 8452, Time: 00:20:32

Health: 0/86       AC: 11    Str: 25    XL:     10   Next: 3%
Magic:  9/9        EV: 12    Int:  4    God:    Trog [*****.]
Gold:   422        SH: 13    Dex: 10    Spells: 9/9 levels left

rFire    + . .     SeeInvis .   A - +2 long sword (flame)
rCold    . . .     Gourm    .   t - +2 kite shield {rF+}
rNeg     . . .     Faith    +   d - +4 ring mail
rPois    .         Spirit   .   (helmet restricted)
rElec    .         Reflect  .   (no cloak)
rCorr    .         Harm     .   j - +0 pair of gloves
MR       +....                  (no boots)
Stlth    ++........             r - amulet of faith
HPRegen  0.24/turn              x - ring of stealth
MPRegen  0.11/turn              C - ring of protection from magic

@: no status effects
A: retaliatory headbutt, horns 2
a: Berserk, Trog's Hand, Brothers in Arms, Renounce Religion


You were on level 8 of the Dungeon.
You worshipped Trog.
Trog was extremely pleased with you.
You were not hungry.

You visited 1 branch of the dungeon, and saw 8 of its levels.

You collected 512 gold pieces.
You spent 90 gold pieces at shops.

Inventory:

Hand Weapons
 a - a +0 falchion
 f - a +0 short sword of venom
 u - a +1 vorpal flail
 v - a +2 rapier of flaming
 A - a +2 long sword of flaming (weapon)
Armour
 d - a +4 ring mail (worn)
 j - a +0 pair of gloves (worn)
 t - a +2 kite shield of fire resistance (worn)
 D - +0 steam dragon scales
Jewellery
 r - an amulet of faith (around neck)
 x - a ring of stealth (left hand)
 C - a ring of protection from magic (right hand)
Scrolls
 e - 5 scrolls of remove curse
 h - 2 scrolls of magic mapping
 l - 8 scrolls of identify
 m - 2 scrolls of fog {unknown}
 n - 3 scrolls of enchant armour {unknown}
 p - 3 scrolls of teleportation {unknown}
 y - 3 scrolls of amnesia {unknown}
 z - a scroll of blinking {unknown}
 E - a scroll of enchant weapon {unknown}
Potions
 b - a potion of haste {unknown}
 g - 2 potions of lignification {unknown}
 i - 3 potions of heal wounds
 k - 2 potions of resistance
 o - 3 potions of flight {unknown}
 q - 4 potions of stabbing {unknown}
 s - 2 potions of curing {unknown}
 w - a potion of invisibility {unknown}
 B - a potion of mutation {unknown}
Comestibles
 c - 15 rations
 F - 6 chunks of flesh


   Skills:
 * Level 7.6 Fighting
 - Level 8.0(8.7) Short Blades
 * Level 5.4(7.8) Long Blades
 + Level 7.1 Armour
 + Level 6.2 Dodging
 + Level 2.3 Stealth
 + Level 7.7 Shields


You had 9 spell levels left.
You didn't know any spells.
Your spell library was empty.

Dungeon Overview and Level Annotations

Branches:
Dungeon (8/15)             Temple (0/1) D:7
   Lair: D:8-11

Altars:
Ashenzari
Dithmenos
Gozag
Hepliaklqana
Makhleb
Qazlal
Ru
Uskayaw
Vehumet
Wu Jian
Yredelemnul

Shops:
D:4 *   D:5 *   D:8 }


Innate Abilities, Weirdness & Mutations

You reflexively headbutt those who attack you in melee.
You have a pair of horns on your head.


Message History

The crimson imp is lightly wounded.
The orc warrior hits you from afar with a +0 trident!
* * * LOW HITPOINT WARNING * * *
The crimson imp hits you but does no damage.
You block the orc's attack. The crimson imp barely misses you.
You furiously retaliate!
You headbutt the crimson imp!
You riposte.
You hit the crimson imp.
You kill the crimson imp!
Trog accepts your kill.
The orc warrior hits you with a +0 trident.
* * * LOW HITPOINT WARNING * * *
You barely miss the orc warrior. Your headbutt misses the orc warrior.
The orc closely misses you. You block the orc warrior's attack.
You barely miss the orc warrior. You block the orc's attack.
You block the orc warrior's attack.
You hit the orc warrior. You burn the orc warrior.
The orc warrior is lightly wounded.
The orc hits you but does no damage.
The orc warrior hits you with a +0 trident!
You die...

#.# #.# #.# #.# .<# #.#
#.# #.# ..# #.# #.#
######### ..#
#.####.######≈≈≈≈≈≈# ..#
#.........##≈≈....≈≈ ###
######....#≈≈......=
####.#≈.)..8...
#.').o.≈.≈≈≈
###≈@).≈...≈ #≈o..≈.8$≈
#########≈≈..≈...≈
#.......##≈..≈≈≈.≈
#######.########≈≈....8.
........# ##≈≈.....
######### #≈≈≈... ##≈≈≈≈


You could see an orc warrior and an orc.

Vanquished Creatures
  Maggie (D:8)
  A hornet (D:8)
  2 hippogriffs
  2 orc warriors
  A sky beast (D:6)
  A phantom (D:5)
  A black bear (D:7)
  3 ice beasts
  6 ogres
  2 centaurs
  Blork the orc (D:4)
  4 bullfrogs
  4 killer bees (D:7)
  A howler monkey (D:6)
  A bullfrog zombie (D:7)
  3 crimson imps
  A quasit (D:6)
  2 bullfrog skeletons
  4 orc priests
  2 centaur skeletons (D:4)
  2 hounds
  Natasha (twice) (D:2)
  3 orc wizards
  5 iguanas
  4 worker ants
  A killer bee zombie (D:5)
  A hound zombie (D:7)
  A mummy (D:5)
  Robin (D:4)
  4 gnolls (D:3)
  14 adders
  A shadow imp (D:7)
  3 oozes
  4 worms
  5 dart slugs
  3 leopard geckos
  31 orcs
  8 giant cockroaches
  13 goblins
  8 hobgoblins
  6 jackals
  11 kobolds
  3 quokkas
  11 bats
  11 frilled lizards
  2 gnoll zombies (D:7)
  A jackal skeleton (D:4)
  5 rats
207 creatures vanquished.

Notes
Turn   | Place    | Note
-------+----------+-------------------------------------------
     0 | D:1      | Jukra the Minotaur Berserker began the quest for the Orb.
     0 | D:1      | Reached XP level 1. HP: 19/19 MP: 0/0
   124 | D:1      | Reached XP level 2. HP: 27/27 MP: 1/1
   376 | D:1      | Reached XP level 3. HP: 26/33 MP: 2/2
   614 | D:1      | Reached ** piety under Trog
   942 | D:2      | Reached XP level 4. HP: 30/41 MP: 3/3
  1213 | D:2      | Noticed Natasha
  1218 | D:2      | Killed Natasha
  1218 | D:2      | Reached skill level 5 in Fighting
  1227 | D:2      | Reached skill level 1 in Short Blades
  1244 | D:2      | Reached XP level 5. HP: 31/48 MP: 4/4
  1551 | D:2      | Noticed Natasha
  1560 | D:2      | Killed Natasha
  1560 | D:2      | Reached skill level 2 in Short Blades
  1754 | D:3      | Reached *** piety under Trog
  1935 | D:3      | Reached skill level 3 in Short Blades
  2266 | D:3      | Reached XP level 6. HP: 14/56 MP: 5/5
  2827 | D:3      | Found an opulent altar of Gozag.
  2828 | D:3      | Found an ornate altar of the Wu Jian Council.
  2830 | D:3      | Found a sacrificial altar of Ru.
  2834 | D:3      | Found a burning altar of Makhleb.
  2834 | D:3      | Found a shadowy altar of Dithmenos.
  2834 | D:3      | Found a hide-covered altar of Uskayaw.
  2834 | D:3      | Found a stormy altar of Qazlal.
  2835 | D:3      | Found a hazy altar of Hepliaklqana.
  2836 | D:3      | Found a radiant altar of Vehumet.
  3130 | D:4      | Reached skill level 5 in Armour
  3324 | D:4      | Reached skill level 4 in Short Blades
  3324 | D:4      | Reached XP level 7. HP: 55/61 MP: 6/6
  3600 | D:4      | Noticed Blork the orc
  3610 | D:4      | Killed Blork the orc
  3610 | D:4      | Reached **** piety under Trog
  3673 | D:4      | Reached skill level 5 in Short Blades
  3695 | D:4      | Noticed Robin
  3715 | D:4      | Killed Robin
  3837 | D:4      | Found Litemebb's General Store.
  4065 | D:4      | Found a shattered altar of Ashenzari.
  4189 | D:5      | Entered Level 5 of the Dungeon
  4226 | D:5      | Reached skill level 1 in Shields
  4691 | D:5      | Reached XP level 8. HP: 37/70 MP: 7/7
  4870 | D:5      | Reached skill level 1 in Stealth
  4886 | D:5      | Found Kati's Assorted Antiques.
  4895 | D:5      | Bought a blackened cabochon ring for 90 gold pieces
  5055 | D:5      | Reached ***** piety under Trog
  5085 | D:5      | Reached skill level 6 in Short Blades
  5442 | D:6      | Reached skill level 5 in Dodging
  5622 | D:6      | Found an opulent altar of Gozag.
  6171 | D:7      | Noticed a hippogriff
  6174 | D:7      | Reached skill level 5 in Shields
  6174 | D:7      | Reached XP level 9. HP: 78/78 MP: 8/8
  6182 | D:7      | Reached skill level 7 in Short Blades
  6747 | D:7      | Found a staircase to the Ecumenical Temple.
  7137 | D:7      | Found a basalt altar of Yredelemnul.
  7508 | D:8      | Noticed Maggie
  7525 | D:8      | Killed Maggie
  7525 | D:8      | Reached skill level 8 in Short Blades
  8176 | D:8      | Found Ammellod's Gadget Shoppe.
  8221 | D:8      | Reached skill level 5 in Long Blades
  8444 | D:8      | Reached XP level 10. HP: 28/86 MP: 9/9
  8452 | D:8      | Slain by an orc warrior

Illustrated notes

Levels and vault maps discovered:
D:1:      kennysheep_arrival_seaside, layout_rooms
D:2:      layout_rooms, guppyfry_early_lair_pool, uniq_natasha
D:3:      layout_rooms, minitemple
D:4:      layout_loops_corners, lemuel_round_altar, first_ration, serial_shops,
          kennysheep_mini, hangedman_decor_slide_cut, uniq_blork_the_orc,
          uniq_robin
D:5:      layout_basic, gup_ossuary_entry_pyramid, serial_shops,
          nicolae_shop_overgrown_old_shop
D:6:      layout_basic, lemuel_tele_altar
D:7:      layout_basic, lemuel_zombie_altar_yredelemnul,
          minmay_temple_entry_butterflies
D:8:      layout_loops_ring, serial_shops, kennysheep_little_box,
          grunt_ogre_cave, minmay_misc_feat_hallway, kennysheep_potato,
          uniq_maggie

Skill      XL: |  1  2  3  4  5  6  7  8  9 |
---------------+----------------------------+-----
Fighting       | 4 5 6 7 |  7.6
Long Blades    | 4 5 |  5.4
Armour         | 3 4 5 6 7 |  7.1
Short Blades   | 1 3 4 5 6 8 |  8.0
Dodging        | 3 4 5 6 |  6.2
Shields        | 2 5 7 |  7.7
Stealth        | 1 2 |  2.3

Action                   |  1- 3 |  4- 6 |  7- 9 | 10-12 || total
-------------------------+-------+-------+-------+-------++-------
Melee: Falchion          |    19 |       |       |       ||    19
       Headbutt          |    10 |    27 |    81 |     1 ||   119
       Short sword       |    52 |   141 |   227 |       ||   420
       Rapier            |       |       |   116 |       ||   116
       Long sword        |       |       |    35 |     7 ||    42
Invok: Berserk           |       |       |     2 |       ||     2
       Trog's Hand       |       |       |     2 |       ||     2
  Use: Scroll            |       |     4 |       |       ||     4
 Stab: Sleeping          |       |       |     3 |       ||     3
  Eat: Chunk             |       |     8 |    15 |       ||    23
       Ration            |       |       |     1 |       ||     1
Armor: Ring mail         |    36 |    63 |   168 |     2 ||   269
Dodge: Dodged            |    50 |    89 |   145 |     6 ||   290
Block: Kite shield       |       |     8 |   216 |    10 ||   234
       Rpst.: Falchion   |     5 |       |       |       ||     5
       Long sword        |       |       |     3 |     1 ||     4
